 Dungeon Crawl Stone Soup version 0.20-a0-441-g89e74e4 (webtiles) character file.

110 M4edhros the Sneak (level 4, 0/28 HPs)
             Began as an Octopode Artificer on Jan 6, 2017.
             Succumbed to an orc wizard's poison
             ... on level 3 of the Dungeon.
             The game lasted 00:01:18 (1140 turns).

M4edhros the Sneak (Octopode Artificer)             Turns: 1140, Time: 00:01:18

Health: 0/28       AC:  1    Str: 11    XL:     4   Next: 91%
Magic:  7/7        EV: 19    Int: 13    God:
Gold:   49         SH:  0    Dex: 18    Spells: 3/3 levels left

rFire  . . .     SeeInvis .     e - +0 dagger (venom)
rCold  . . .     Gourm    .     (no shield)
rNeg   . . .     Faith    .     (helmet restricted)
rPois  .         Spirit   .     (no amulet)
rElec  .         Reflect  .     (no ring)
rCorr  .         Harm     .     (no ring)
MR     .....                    (no ring)
Stlth  +++.......               (no ring)
                                (no ring)
                                (no ring)
                                (no ring)
                                (no ring)

@: confused, agile, lethally poisoned (0 -> -19)
A: almost no armour, stealthy swim, amphibious, 8 rings, constrict 8, camouflage
1, gelatinous body 1
a: no special abilities


You were on level 3 of the Dungeon.
You were hungry.

You visited 1 branch of the dungeon, and saw 3 of its levels.

You collected 49 gold pieces.

Inventory:

Hand Weapons
 a - a +0 short sword
 e - a +0 dagger of venom (weapon)
Jewellery
 k - an uncursed ring of positive energy {unknown}
Wands
 b - a wand of flame (8/48)
 c - a wand of enslavement (15/24)
 d - a wand of random effects (15/48)
Scrolls
 h - 2 scrolls of magic mapping {unknown}
 i - a scroll of blinking {unknown}
 j - a scroll of identify {unknown}
Potions
 g - a potion of agility
Comestibles
 f - 2 bread rations


   Skills:
 - Level 1.0 Fighting
 - Level 1.0 Short Blades
 - Level 2.0 Dodging
 * Level 5.5 Stealth
 + Level 4.2 Evocations


You had 3 spell levels left.
You didn't know any spells.

Dungeon Overview and Level Annotations

Branches:
Dungeon (3/15)

Altars:
Dithmenos
Makhleb


Innate Abilities, Weirdness & Mutations

You cannot wear most types of armour.
You are very stealthy in the water. (Stealth+)
You are amphibious.
You can wear up to eight rings at the same time.
You can use your tentacles to constrict eight enemies at once.
Your skin changes colour to match your surroundings (Stealth+).
Your rubbery body absorbs attacks. (AC +1, EV +1)


Message History

You're too confused to attack without stumbling around!
You bump into the rock wall.
* * * LOW HITPOINT WARNING * * *
You feel sick.
You hear some strange, mumbled words.
You are more confused.
You're too confused to move!
* * * LOW HITPOINT WARNING * * *
You feel sick. Something hits you.
* * * LOW HITPOINT WARNING * * *
You are more poisoned.
You hit something. You squeeze something.
Reactivating autopickup.
You feel a bit more experienced.
* * * LOW HITPOINT WARNING * * *
You feel sick.
* * * LOW HITPOINT WARNING * * *
You feel sick.
You miss the frilled lizard.
You die...

.....##..#.# #.# #.#
.........#.# ####.# #.#
.........##...#.##########.#
#..>...#.# #.........§.§.#
#..†....# #.#####..§§#..
#....#).# #........§§§.#
#.#....)## ##.############
..../.†..%.#.#l###.##
......K......##@..##
.#.####.########### # #.#
... ####


You could see a frilled lizard.

Vanquished Creatures
  Terence (D:2)
  An orc wizard (D:3)
  2 adders (D:3)
  A worm (D:2)
  A dart slug (D:2)
  2 orcs (D:3)
  5 bats
  2 giant cockroaches
  3 goblins
  3 hobgoblins
  3 jackals (D:3)
  A quokka (D:3)
  3 frilled lizards
  4 kobolds
  6 rats
38 creatures vanquished.

Notes
Turn   | Place    | Note
-------+----------+-------------------------------------------
     0 | D:1      | M4edhros the Octopode Artificer began the quest for the Orb.
     0 | D:1      | Reached XP level 1. HP: 13/13 MP: 3/3
    38 | D:1      | Reached skill level 2 in Stealth
    38 | D:1      | Reached XP level 2. HP: 4/18 MP: 4/4
   562 | D:2      | Reached skill level 3 in Stealth
   727 | D:2      | Noticed Terence
   751 | D:2      | Killed Terence
   751 | D:2      | Reached skill level 4 in Stealth
   751 | D:2      | Reached XP level 3. HP: 8/23 MP: 5/5
  1006 | D:3      | Found a burning altar of Makhleb.
  1056 | D:3      | Found a shadowy altar of Dithmenos.
  1061 | D:3      | Reached XP level 4. HP: 23/28 MP: 5/7
  1118 | D:3      | Reached skill level 5 in Stealth
  1139 | D:3      | HP: 1/28 [poisoned by an orc wizard]
  1140 | D:3      | Succumbed to an orc wizard's poison

Vault maps used:
D:1:      tarquinn_simple_flora_water_c, hangedman_abyss_or_decor_lesser_grid,
          chequers_big_river, hangedman_glass_teeth, st_stairs_14
D:2:      zin_treasury, roderic_roman_lattice, hangedman_decor_growths,
          uniq_terence
D:3:      lightli_temple_of_fire, grunt_dithmenos_smoke, guppyfry_early_orc_mine

Skill      XL: |  1  2  3  4 |
---------------+-------------+-----
Stealth        | 2 4 5 |  5.5
Evocations     | 4 |  4.2
Fighting       | |  1.0
Short Blades   | |  1.0
Dodging        | |  2.0

Action                   |  1- 3 |  4- 6 || total
-------------------------+-------+-------++-------
Melee: Short sword       |     2 |       ||     2
       Constrict         |    11 |    10 ||    21
       Dagger            |    43 |    28 ||    71
       Tentacles         |     6 |     8 ||    14
Evoke: Wand              |     7 |       ||     7
  Use: Potion            |       |     1 ||     1
 Stab: Sleeping          |     4 |     2 ||     6
Armor: Skin              |     4 |     1 ||     5
Dodge: Dodged            |    24 |    16 ||    40
